 Dungeon Crawl Stone Soup version 0.21.1-1-g345015f (webtiles) character file.

2013 Mgcat the Magician (level 9, 0/69 HPs)
             Began as a Gnoll Skald on Feb 7, 2018.
             Was an Initiate of Ashenzari.
             Slain by a troll (5 damage)
             ... on level 6 of the Dungeon.
             The game lasted 00:26:09 (6590 turns).

Mgcat the Magician (Gnoll Skald)                    Turns: 6590, Time: 00:26:09

Health: 0/69       AC:  5    Str: 14    XL:     9   Next: 22%
Magic:  16/18      EV: 16    Int: 17    God:    Ashenzari [......]
Gold:   376        SH:  0    Dex: 16    Spells: 9/20 levels left

rFire    . . .     SeeInvis .   l - +2 long sword (holy)
rCold    . . .     Gourm    .   (no shield)
rNeg     . . .     Faith    .   J - +2 leather armour {MR+}
rPois    .         Spirit   .   (no helmet)
rElec    .         Reflect  .   E - scarf {repulsion}
rCorr    .         Harm     .   (no gloves)
MR       +....                  (no boots)
Stlth    ++........             (no amulet)
HPRegen  0.21/turn              (no ring)
MPRegen  0.16/turn              (no ring)

@: repel missiles
A: distributed training, fangs 1, strong nose
a: Curse Item, Renounce Religion


You were on level 6 of the Dungeon.
You worshipped Ashenzari.
Ashenzari was noncommittal.
You were not hungry.

You visited 2 branches of the dungeon, and saw 8 of its levels.
You also visited: Sewer.

You collected 376 gold pieces.

Inventory:

Hand Weapons
 l - a +2 long sword of holy wrath (weapon)
   (You found it on level 5 of the Dungeon)
 G - a +0 trident of piercing
   (You found it on level 6 of the Dungeon)
Missiles
 g - 20 poisoned needles
 r - 4 exploding tomahawks
 s - 7 javelins (quivered)
 B - 4 tomahawks
Armour
 E - a scarf of repulsion (worn)
   (You found it on level 6 of the Dungeon)
 J - a +2 leather armour of magic resistance (worn)
   (You took it off Duvessa on level 6 of the Dungeon)
Jewellery
 F - a +2 ring of dexterity
   (You found it on level 6 of the Dungeon)
Wands
 o - a wand of flame (39)
   (You found it on level 4 of the Dungeon)
Scrolls
 h - a scroll of immolation {!r}
 i - 4 scrolls of identify
 j - 2 scrolls of teleportation
 n - a scroll of fog
 C - a scroll of remove curse
 I - a scroll of enchant weapon {unknown}
Potions
 b - a potion of curing
 e - a potion of flight
 k - 2 potions of agility {unknown}
 q - a potion of degeneration {unknown}
 v - 3 potions of magic
 w - 2 potions of heal wounds {unknown}
 x - a potion of haste
Books
 A - a book of Misfortune
   (You found it on level 4 of the Dungeon)
Comestibles
 a - 5 chunks of flesh {@w0}
 d - 8 rations


   Skills:
 + Level 6.1 Fighting
 + Level 4.0 Short Blades
 + Level 4.0 Long Blades
 + Level 6.1 Axes
 + Level 4.0 Maces & Flails
 + Level 4.0 Polearms
 + Level 4.0 Staves
 + Level 4.0 Slings
 + Level 4.0 Bows
 + Level 4.0 Crossbows
 + Level 4.0 Throwing
 + Level 4.8 Armour
 + Level 6.1 Dodging
 + Level 4.0 Stealth
 + Level 4.0 Shields
 + Level 4.0 Unarmed Combat
 + Level 6.4 Spellcasting
 + Level 3.2 Conjurations
 + Level 3.2 Hexes
 + Level 6.4 Charms
 + Level 3.2 Summonings
 + Level 3.2 Necromancy
 + Level 3.2 Translocations
 + Level 3.2 Transmutations
 + Level 3.2 Fire Magic
 + Level 3.2 Ice Magic
 + Level 3.2 Air Magic
 + Level 3.2 Earth Magic
 + Level 3.2 Poison Magic
 + Level 4.3 Invocations
 + Level 4.0 Evocations


You had 9 spell levels left.
You knew the following spells:

 Your Spells              Type           Power        Failure   Level  Hunger
a - Infusion              Chrm           ####         1%          1    None
b - Song of Slaying       Chrm           ####....     1%          2    None
c - Shroud of Golubria    Chrm/Tloc      ###.......   3%          2    None
d - Regeneration          Chrm/Necr      ###.......   6%          3    ##.....
e - Spectral Weapon       Hex/Chrm       ###.....     6%          3    ##.....


Dungeon Overview and Level Annotations

Branches:
Dungeon (7/15)             Temple (1/1) D:5

Altars:
Ashenzari
Dithmenos
Elyvilon
Fedhas
Gozag
Hepliaklqana
Kikubaaqudgha
Nemelex Xobeh
Qazlal
Ru
Sif Muna
Trog
Uskayaw
Vehumet
Wu Jian
Xom
The Shining One

Shops:
D:4 %


Innate Abilities, Weirdness & Mutations

Your experience applies equally to all skills.
You have very sharp teeth.
Your uncanny sense of smell can sniff out nearby items.


Message History

The phantom hits you.
You completely miss the phantom.
The phantom is heavily damaged.
The phantom closely misses you.
You hit the phantom.
The phantom convulses.
The phantom is heavily damaged.
The phantom hits you.
You hit the phantom but do no damage.
The phantom is heavily damaged.
The phantom barely misses you.
Casting: Infusion
Confirm with . or Enter, or press ? or * to list all spells.
You start singing a song of slaying.
The phantom barely misses you.
Casting: Song of Slaying
Confirm with . or Enter, or press ? or * to list all spells.
You begin infusing your attacks with magical energy.
The phantom blinks!
You closely miss the troll. You bite the troll, but do no damage.
The troll barely misses you.
You riposte.
You completely miss the troll. The troll claws you!
The troll closely misses you.
You hit the troll!
The troll is moderately wounded.
The troll completely misses you.
You riposte.
You hit the troll. Your bite misses the troll.
The troll is moderately wounded.
The troll claws you but does no damage. The troll misses you.
You barely miss the troll.
The troll is moderately wounded.
The troll bites you. The troll barely misses you. The troll misses you.
Casting: Infusion
Confirm with . or Enter, or press ? or * to list all spells.
Space distorts slightly along a thin shroud covering your body.
The troll closely misses you.
You riposte.
You hit the troll!
The troll is heavily wounded.
Your shroud bends the troll's attack away.
The troll misses you.
You slash the troll! You bite the troll, but do no damage.
The troll is severely wounded.
Your shroud bends the troll's attack away.
The troll misses you.
Your shroud bends the troll's attack away!
The troll bites you! The troll claws you but does no damage.
The troll claws you!
Your shroud falls apart!
There is a stone staircase leading down here.
A bullfrog zombie comes into view.
Things that are here:
an uncursed trident; an uncursed leather armour
Things that are here:
an uncursed mace; an uncursed leather armour Your song is almost over.
Your song has ended.
Items here: ))) [[ an uncursed flail; an uncursed short sword; an uncursed ring mail an uncursed mace; a cursed chain mail Your magical infusion is running out.
Unknown command.
There is a stone staircase leading up here.
You see here a book of Battle.
The troll bites you but does no damage. The troll claws you but does no damage.
The troll claws you.
You climb upwards.
You are no longer magically infusing your attacks.
There is a stone staircase leading down here.
The troll barely misses you.
You riposte.
You hit the troll.
The troll is lightly wounded.
The troll claws you! The troll claws you.
* * * LOW HITPOINT WARNING * * *
Casting: Shroud of Golubria
Confirm with . or Enter, or press ? or * to list all spells.
You draw out your weapon's spirit!
The troll misses you. The troll claws you!
* * * LOW HITPOINT WARNING * * *
The troll claws you.
* * * LOW HITPOINT WARNING * * *
Unknown command.
Unknown command.
The troll misses your spectral weapon. The troll claws your spectral weapon.
The troll claws your spectral weapon!
Your spectral weapon shares its damage with you!
* * * LOW HITPOINT WARNING * * *
There is a stone staircase leading up here.
Something misses your spectral weapon.
Something barely misses your spectral weapon.
Something claws your spectral weapon.
Your spectral weapon shares its damage with you!
* * * LOW HITPOINT WARNING * * *
You climb upwards.
Your summoned ally is left behind.
Your spectral weapon fades away.
The rust devil screeches! 2 orc warriors and a rust devil come into view.
Ashenzari warns you: An orc warrior is wielding a war axe and wearing a plate armour of magic resistance.
The orc warrior shouts! x2; The rust devil screeches!
There is a stone staircase leading down here.
Unknown command.
Unknown command.
Unknown command.
Unknown command.
Unknown command.
You climb downwards.
The troll bites you.
You die...

#...####### #.........#
######.._.[.##.# #########
#..............# #........
###.###....#.##..# #........
#.#.# #..........# #........
#.#.########.###.# #........
#>.............#.# #########
#.######.#.@T..#.# ###
#.....##.###...#.#########..
#.........T.................
#####.#####.##.########.##..
#...........# #.##..
#....(......#######.##..
#.......................
#....)...[.#.#..........
#...[......#.#..........


You could see a troll.

Vanquished Creatures
  Duvessa (D:6)
  A water moccasin (D:5)
  An orc warrior (D:7)
  3 ice beasts
  A centaur (D:5)
  3 ogres
  2 big kobolds (Sewer)
  Dowan (D:6)
  A scorpion (D:7)
  A wight (D:6)
  A centaur zombie (D:5)
  3 hounds
  2 jellies (D:6)
  2 orc priests
  2 bullfrog skeletons (D:6)
  Jessica (D:2)
  3 orc wizards
  4 worker ants
  A hound zombie (D:6)
  3 gnolls (D:6)
  11 adders
  A river rat (Sewer)
  An ooze (Sewer)
  9 worms
  2 dart slugs
  3 leopard geckos
  18 orcs
  8 ball pythons
  6 giant cockroaches
  3 goblins
  11 hobgoblins
  9 jackals
  21 kobolds
  2 quokkas
  11 bats
  5 frilled lizards
  A giant cockroach zombie (D:5)
  A quokka skeleton (D:4)
  6 rats
166 creatures vanquished.

Notes
Turn   | Place    | Note
-------+----------+-------------------------------------------
     0 | D:1      | Mgcat the Gnoll Skald began the quest for the Orb.
     0 | D:1      | Reached XP level 1. HP: 20/20 MP: 6/6
   114 | D:1      | Reached XP level 2. HP: 23/26 MP: 3/7
   120 | D:1      | Learned a level 2 spell: Song of Slaying
   123 | D:1      | Learned a level 2 spell: Shroud of Golubria
   675 | D:1      | Reached XP level 3. HP: 31/31 MP: 9/9
   685 | D:1      | Reached skill level 5 in Spellcasting
   965 | D:2      | Noticed Jessica
   982 | D:2      | Reached skill level 1 in Invocations
  1106 | D:2      | Reached skill level 1 in Short Blades
  1106 | D:2      | Reached skill level 1 in Long Blades
  1106 | D:2      | Reached skill level 1 in Maces & Flails
  1106 | D:2      | Reached skill level 1 in Polearms
  1106 | D:2      | Reached skill level 1 in Staves
  1106 | D:2      | Reached skill level 1 in Slings
  1106 | D:2      | Reached skill level 1 in Bows
  1106 | D:2      | Reached skill level 1 in Crossbows
  1106 | D:2      | Reached skill level 1 in Throwing
  1106 | D:2      | Reached skill level 1 in Stealth
  1106 | D:2      | Reached skill level 1 in Shields
  1106 | D:2      | Reached skill level 1 in Unarmed Combat
  1106 | D:2      | Reached skill level 1 in Evocations
  1173 | D:2      | Reached XP level 4. HP: 38/38 MP: 11/11
  1189 | D:2      | Learned a level 3 spell: Regeneration
  1193 | D:2      | Learned a level 3 spell: Spectral Weapon
  1398 | D:2      | Reached skill level 1 in Conjurations
  1398 | D:2      | Reached skill level 1 in Hexes
  1398 | D:2      | Reached skill level 1 in Summonings
  1398 | D:2      | Reached skill level 1 in Necromancy
  1398 | D:2      | Reached skill level 1 in Translocations
  1398 | D:2      | Reached skill level 1 in Transmutations
  1398 | D:2      | Reached skill level 1 in Fire Magic
  1398 | D:2      | Reached skill level 1 in Ice Magic
  1398 | D:2      | Reached skill level 1 in Air Magic
  1398 | D:2      | Reached skill level 1 in Earth Magic
  1398 | D:2      | Reached skill level 1 in Poison Magic
  1648 | D:2      | Reached XP level 5. HP: 35/43 MP: 12/12
  1690 | D:2      | Killed Jessica
  1848 | D:3      | Found a hazy altar of Hepliaklqana.
  1910 | D:3      | Reached skill level 3 in Armour
  2117 | D:3      | Found a glowing drain.
  2128 | Sewer    | Entered a sewer
  2499 | Sewer    | Reached XP level 6. HP: 50/50 MP: 10/13
  2530 | Sewer    | Reached skill level 2 in Invocations
  2538 | Sewer    | Reached skill level 5 in Fighting
  2538 | Sewer    | Reached skill level 2 in Short Blades
  2538 | Sewer    | Reached skill level 2 in Long Blades
  2538 | Sewer    | Reached skill level 5 in Axes
  2538 | Sewer    | Reached skill level 2 in Maces & Flails
  2538 | Sewer    | Reached skill level 2 in Polearms
  2538 | Sewer    | Reached skill level 2 in Staves
  2538 | Sewer    | Reached skill level 2 in Slings
  2538 | Sewer    | Reached skill level 2 in Bows
  2538 | Sewer    | Reached skill level 2 in Crossbows
  2538 | Sewer    | Reached skill level 2 in Throwing
  2538 | Sewer    | Reached skill level 5 in Dodging
  2538 | Sewer    | Reached skill level 2 in Stealth
  2538 | Sewer    | Reached skill level 2 in Shields
  2538 | Sewer    | Reached skill level 2 in Unarmed Combat
  2538 | Sewer    | Reached skill level 2 in Evocations
  2916 | D:4      | Found Sumesch's Food Boutique.
  3018 | D:4      | Found a white marble altar of Elyvilon.
  3434 | D:4      | Reached XP level 7. HP: 26/56 MP: 11/15
  3845 | D:5      | Entered Level 5 of the Dungeon
  3861 | D:4      | HP: 9/56 [ice beast (14)]
  3865 | D:4      | HP: 2/56 [hound (3)]
  4119 | D:5      | Reached skill level 2 in Conjurations
  4119 | D:5      | Reached skill level 2 in Hexes
  4119 | D:5      | Reached skill level 2 in Summonings
  4119 | D:5      | Reached skill level 2 in Necromancy
  4119 | D:5      | Reached skill level 2 in Translocations
  4119 | D:5      | Reached skill level 2 in Transmutations
  4119 | D:5      | Reached skill level 2 in Fire Magic
  4119 | D:5      | Reached skill level 2 in Ice Magic
  4119 | D:5      | Reached skill level 2 in Air Magic
  4119 | D:5      | Reached skill level 2 in Earth Magic
  4119 | D:5      | Reached skill level 2 in Poison Magic
  4710 | D:5      | Found a blossoming altar of Fedhas.
  4751 | D:5      | Reached skill level 3 in Invocations
  4751 | D:5      | Reached XP level 8. HP: 55/63 MP: 16/16
  4852 | D:5      | Reached skill level 6 in Charms
  5068 | D:5      | Found a staircase to the Ecumenical Temple.
  5077 | Temple   | Entered the Ecumenical Temple
  5152 | Temple   | Became a worshipper of Ashenzari the Shackled
  5215 | D:5      | Reached skill level 3 in Short Blades
  5215 | D:5      | Reached skill level 3 in Long Blades
  5215 | D:5      | Reached skill level 3 in Maces & Flails
  5215 | D:5      | Reached skill level 3 in Polearms
  5215 | D:5      | Reached skill level 3 in Staves
  5215 | D:5      | Reached skill level 3 in Slings
  5215 | D:5      | Reached skill level 3 in Bows
  5215 | D:5      | Reached skill level 3 in Crossbows
  5215 | D:5      | Reached skill level 3 in Throwing
  5215 | D:5      | Reached skill level 4 in Armour
  5215 | D:5      | Reached skill level 3 in Stealth
  5215 | D:5      | Reached skill level 3 in Shields
  5215 | D:5      | Reached skill level 3 in Unarmed Combat
  5215 | D:5      | Reached skill level 3 in Evocations
  5312 | D:6      | Reached skill level 6 in Spellcasting
  5474 | D:6      | Got the uncursed robe "Ebrot" {Str+4}
  5485 | D:6      | Identified the +0 robe "Ebrot" {Str+4} (You found it on level 6 of the Dungeon)
  5710 | D:6      | Noticed Dowan
  5716 | D:6      | Found a hazy altar of Hepliaklqana.
  5864 | D:6      | Found a shimmering altar of Xom.
  5883 | D:6      | Reached skill level 3 in Conjurations
  5883 | D:6      | Reached skill level 3 in Hexes
  5883 | D:6      | Reached skill level 3 in Summonings
  5883 | D:6      | Reached skill level 3 in Necromancy
  5883 | D:6      | Reached skill level 3 in Translocations
  5883 | D:6      | Reached skill level 3 in Transmutations
  5883 | D:6      | Reached skill level 3 in Fire Magic
  5883 | D:6      | Reached skill level 3 in Ice Magic
  5883 | D:6      | Reached skill level 3 in Air Magic
  5883 | D:6      | Reached skill level 3 in Earth Magic
  5883 | D:6      | Reached skill level 3 in Poison Magic
  5883 | D:6      | Reached skill level 4 in Invocations
  5959 | D:6      | Found a stormy altar of Qazlal.
  6045 | D:6      | Reached XP level 9. HP: 53/69 MP: 11/18
  6051 | D:6      | Reached skill level 6 in Fighting
  6051 | D:6      | Reached skill level 6 in Axes
  6051 | D:6      | Reached skill level 6 in Dodging
  6208 | D:6      | Noticed Duvessa
  6214 | D:6      | Killed Duvessa
  6223 | D:6      | Killed Dowan
  6429 | D:7      | Found a sparkling altar of Nemelex Xobeh.
  6439 | D:7      | Reached skill level 4 in Short Blades
  6439 | D:7      | Reached skill level 4 in Long Blades
  6439 | D:7      | Reached skill level 4 in Maces & Flails
  6439 | D:7      | Reached skill level 4 in Polearms
  6439 | D:7      | Reached skill level 4 in Staves
  6439 | D:7      | Reached skill level 4 in Slings
  6439 | D:7      | Reached skill level 4 in Bows
  6439 | D:7      | Reached skill level 4 in Crossbows
  6439 | D:7      | Reached skill level 4 in Throwing
  6439 | D:7      | Reached skill level 4 in Stealth
  6439 | D:7      | Reached skill level 4 in Shields
  6439 | D:7      | Reached skill level 4 in Unarmed Combat
  6439 | D:7      | Reached skill level 4 in Evocations
  6513 | D:7      | Noticed a troll
  6581 | D:6      | HP: 11/69 [troll (9)]
  6583 | D:6      | HP: 5/69 [troll (4)]
  6588 | D:5      | Noticed a rust devil
  6588 | D:5      | Noticed a rust devil
  6590 | D:6      | Slain by a troll

Skill      XL: |  1  2  3  4  5  6  7  8  9 |
---------------+----------------------------+-----
Spellcasting   | 5 6 |  6.4
Invocations    | 1 2 3 4 |  4.3
Short Blades   | 1 2 3 4 |  4.0
Long Blades    | 1 2 3 4 |  4.0
Maces & Flails | 1 2 3 4 |  4.0
Polearms       | 1 2 3 4 |  4.0
Staves         | 1 2 3 4 |  4.0
Slings         | 1 2 3 4 |  4.0
Bows           | 1 2 3 4 |  4.0
Crossbows      | 1 2 3 4 |  4.0
Throwing       | 1 2 3 4 |  4.0
Stealth        | 1 2 3 4 |  4.0
Shields        | 1 2 3 4 |  4.0
Unarmed Combat | 1 2 3 4 |  4.0
Evocations     | 1 2 3 4 |  4.0
Conjurations   | 1 2 3 |  3.2
Hexes          | 1 2 3 |  3.2
Summonings     | 1 2 3 |  3.2
Necromancy     | 1 2 3 |  3.2
Translocations | 1 2 3 |  3.2
Transmutations | 1 2 3 |  3.2
Fire Magic     | 1 2 3 |  3.2
Ice Magic      | 1 2 3 |  3.2
Air Magic      | 1 2 3 |  3.2
Earth Magic    | 1 2 3 |  3.2
Poison Magic   | 1 2 3 |  3.2
Armour         | 3 4 |  4.8
Fighting       | 5 6 |  6.1
Axes           | 5 6 |  6.1
Dodging        | 5 6 |  6.1
Charms         | 6 |  6.4

Action                   |  1- 3 |  4- 6 |  7- 9 || total
-------------------------+-------+-------+-------++-------
Melee: Hand axe          |   106 |    99 |       ||   205
       Bite              |     9 |    13 |    19 ||    41
       Short sword       |       |   118 |    36 ||   154
       Punch             |       |     1 |     6 ||     7
       Long sword        |       |       |   141 ||   141
Throw: Javelin           |       |       |    10 ||    10
       Tomahawk          |       |       |     1 ||     1
 Cast: Infusion          |     3 |    17 |    17 ||    37
       Shroud of Golubri |       |     1 |     5 ||     6
       Song of Slaying   |       |       |     4 ||     4
       Spectral Weapon   |       |       |     1 ||     1
  Use: Potion            |       |     3 |     2 ||     5
       Scroll            |       |     8 |     2 ||    10
 Stab: Sleeping          |     1 |     1 |     1 ||     3
  Eat: Chunk             |     1 |     4 |     7 ||    12
       Ration            |       |     1 |     1 ||     2
Armor: Leather armour    |    23 |    25 |     5 ||    53
       Ring mail         |       |     7 |    40 ||    47
       Robe              |       |       |     5 ||     5
Dodge: Dodged            |    93 |   137 |   183 ||   413
       Deflected         |       |       |     1 ||     1
       Rpst.: Long sword |       |       |    48 ||    48

Vault maps used:
D:1:      lightli_arrival_noodles, serial_glass, glass_columns_a,
          glass_columns_b, minmay_misc_feat_plants
D:2:      minmay_bisected, uniq_jessica
D:3:      lemuel_doored_altar, portal_sewer_entry_d
D:4:      serial_bayou, serial_bayou_pond_d, serial_bayou_shore_b,
          serial_bayou_crossing, serial_bayou_lagoon_a, serial_shops,
          kennysheep_mini_moat, lemuel_tele_altar
D:5:      cheibrodos_iron_armory, temple_hall, first_ration, fedhas_altar_2
D:6:      st_stairs_6, hangedman_feature_mirror, minmay_holes,
          grunt_qazlal_sundering, uniq_duvessa
D:7:      lemuel_coloured_pillars_altar, basic_altar, uniq_pikel,
          uniq_crazy_yiuf_cottage
Temple:   eino_narrow_crystal_temple
Sewer:    sewer_co_15_rooms

Table legend:
 A = Turns spent in this place as a percentage of turns spent in the entire game.
 B = Non-inter-level travel turns spent in this place as a percentage of non-inter-level travel turns spent in the entire game.
 C = Inter-level travel turns spent in this place as a percentage of turns spent in this place.
 D = Turns resting spent in this place as a percentage of non-inter-level travel turns spent in this place.
 E = Turns spent auto-exploring this place as a percentage of non-inter-level travel turns spent in this place.
 F = Non-inter-level travel turns spent in this place divided by the number of levels of this place that you've seen.
                   A       B       C       D       E      F
               +-------+-------+-------+-------+-------+----------------------
         Total | 100.0 | 100.0 |   2.7 |   3.6 |  69.0 | 712.1
       Dungeon |  88.9 |  88.7 |   3.0 |   3.0 |  71.6 | 811.7
        Temple |   1.5 |   1.4 |   6.2 |   0.0 |  75.8 |  91.0
         Sewer |   9.7 |   9.9 |   0.0 |   9.0 |  45.3 | 636.0
               +-------+-------+-------+-------+-------+----------------------

Table legend:
 A = Kills in this place as a percentage of kills in entire the game.
 B = Kills by you in this place as a percentage of kills by you in the entire game.
 C = Kills by friends in this place as a percentage of kills by friends in the entire game.
 D = Other kills in this place as a percentage of other kills in the entire game.
 E = Experience gained in this place as a percentage of experience gained in the entire game.
 F = Experience gained in this place divided by the number of levels of this place that you have seen.
                   A       B       C       D       E      F
               +-------+-------+-------+-------+-------+----------------------
         Total | 100.0 | 100.0 |   N/A |   N/A | 100.0 | 319.6
       Dungeon |  84.3 |  84.3 |   N/A |   N/A |  90.3 | 371.0
         Sewer |  15.7 |  15.7 |   N/A |   N/A |   9.7 | 279.0
               +-------+-------+-------+-------+-------+----------------------
